 Dungeon Crawl Stone Soup version 0.23-a0-208-gb6b040f (webtiles) character file.

186 tilp the Chiller (level 5, -4/35 HPs)
             Began as a Merfolk Ice Elementalist on Sept 25, 2018.
             Slain by an orc priest
             ... wielding a +0 whip
              (6 damage)
             ... on level 2 of the Dungeon.
             The game lasted 00:08:17 (2663 turns).

tilp the Chiller (Merfolk Ice Elementalist)         Turns: 2663, Time: 00:08:17

Health: -4/35      AC:  4    Str:  6 (9)  XL:     5   Next: 66%
Magic:  5/7        EV: 13    Int: 14 (15) God:
Gold:   75         SH:  0    Dex: 13 (14) Spells: 2/8 levels left

rFire    . . .     SeeInvis .   a - +0 trident
rCold    . . .     Gourm    .   (no shield)
rNeg     . . .     Faith    .   d - +1 animal skin
rPois    +         Spirit   .   g - +0 helmet
rElec    .         Reflect  .   (no cloak)
rCorr    .         Harm     .   (no gloves)
MR       .....                  (no boots)
Stlth    ++........             (no amulet)
HPRegen  0.11/turn              (no ring)
MPRegen  0.10/turn              (no ring)

@: no status effects
A: change form in water, swift swim, stealthy swim, low mp 1, poison resistance,
wild magic 1
a: no special abilities


You were on level 2 of the Dungeon.
You were hungry.

You visited 1 branch of the dungeon, and saw 2 of its levels.

You collected 75 gold pieces.

Inventory:

Hand Weapons
 a - a +0 trident (weapon)
 b - a +0 hunting sling
 j - a +0 short sword
Missiles
 m - 56 stones (quivered)
Armour
 d - a +1 animal skin (worn)
 g - a +0 helmet (worn)
Jewellery
 o - a cursed ring of ice {unknown}
Wands
 p - a wand of polymorph (8)
Scrolls
 e - 2 scrolls of identify
 f - a scroll of random uselessness {unknown}
 i - a scroll of enchant weapon
 k - a scroll of amnesia {unknown}
Potions
 h - 2 potions of mutation
 l - a potion of degeneration
Comestibles
 c - 5 rations


   Skills:
 + Level 4.0 Polearms
 - Level 2.6 Dodging
 - Level 2.1 Stealth
 - Level 2.0 Spellcasting
 - Level 0.7 Conjurations
 + Level 5.9 Ice Magic


You had 2 spell levels left.
You knew the following spells:

 Your Spells              Type           Power        Failure   Level  Hunger
a - Freeze                Ice            ###.         3%          1    ##.....
b - Throw Frost           Conj/Ice       ##....       14%         2    ###....
c - Ozocubu's Armour      Chrm/Ice       ##......     30%         3    ####...

Your spell library contained the following spells:

 Spells                   Type           Power        Failure   Level  Hunger
 Throw Icicle             Conj/Ice       ##......     61%         4    #####..
 Summon Ice Beast         Ice/Summ       ##......     65%         4    #####..


Dungeon Overview and Level Annotations

Branches:
Dungeon (2/15)

Altars:


Innate Abilities, Weirdness & Mutations

You revert to your normal form in water.
You are very nimble and swift while swimming.
You are very stealthy in the water. (Stealth+)
Your magical capacity is low. (-10% MP)
Your system is resistant to poisons. (rPois)
Your spells are a little harder to cast, but a little more powerful.


Message History

Aiming: Freeze (safe; 3% risk of failure)
Press: ? - help, Shift-Dir - straight line, f - orc priest
Aim: an orc priest, wielding a whip You freeze the orc priest.
The orc priest is heavily wounded.
The orc hits you but does no damage.
The orc priest invokes the aid of Beogh against you.
Beogh smites you!
* * * LOW HITPOINT WARNING * * *
Casting: Freeze (safe; 3% risk of failure)
Confirm with . or Enter, or press ? or * to list all spells.
Aiming: Freeze (safe; 3% risk of failure)
Press: ? - help, Shift-Dir - straight line, f/p - orc priest
Aim: an orc priest, wielding a whip (heavily wounded)
You freeze the orc priest.
The orc priest is almost dead.
The orc hits you with a whip.
* * * LOW HITPOINT WARNING * * *
The orc priest hits you with a whip.
You die...

#.##.<..).#
#....
##.#########
##### ...#
#######..##
..........#
.≈...≈..#.#
..........##
........ooo#
.........#@#
.≈...≈..##(#
........##.#
#######.##.##
..##(.###
#####.#..
#.#.# #.#.#
#.#.#


You could see an orc priest and 2 orcs.

Vanquished Creatures
  A hound (D:2)
  Terence (D:2)
  Robin (D:2)
  4 gnolls (D:2)
  An adder (D:2)
  An ooze (D:1)
  A worm (D:2)
  4 orcs (D:2)
  4 giant cockroaches
  11 goblins
  4 hobgoblins
  6 jackals
  4 kobolds (D:1)
  6 bats (D:1)
  3 frilled lizards (D:1)
  8 rats
60 creatures vanquished.

Notes
Turn   | Place    | Note
-------+----------+-------------------------------------------
     0 | D:1      | tilp the Merfolk Ice Elementalist began the quest for the
                  | Orb.
     0 | D:1      | Reached XP level 1. HP: 13/13 MP: 3/3
   293 | D:1      | Reached XP level 2. HP: 19/19 MP: 1/5
   323 | D:1      | Learned a level 2 spell: Throw Frost
   409 | D:1      | Reached skill level 4 in Ice Magic
   794 | D:1      | Reached XP level 3. HP: 20/24 MP: 2/6
   799 | D:1      | Learned a level 3 spell: Ozocubu's Armour
  1329 | D:2      | Noticed Robin
  1343 | D:2      | Noticed Terence
  1424 | D:2      | Reached skill level 1 in Polearms
  1424 | D:2      | Reached skill level 5 in Ice Magic
  1429 | D:2      | Reached XP level 4. HP: 14/30 MP: 0/7
  1724 | D:2      | Reached XP level 5. HP: 24/35 MP: 2/8
  1853 | D:2      | Found a faded altar of an unknown god.
  1929 | D:2      | Gained mutation: Your system is resistant to poisons.
                  | (rPois) [potion of mutation]
  1929 | D:2      | Gained mutation: Your magical capacity is low. (-10% MP)
                  | [potion of mutation]
  1929 | D:2      | Gained mutation: Your spells are a little harder to cast,
                  | but a little more powerful. [potion of mutation]
  1935 | D:2      | Killed Robin
  2446 | D:2      | Killed Terence
  2663 | D:2      | Slain by an orc priest

Vault maps used:
D:1:      ncdulo_halloftheorcs, st_stairs_3, corexii_hall_statues_s
D:2:      cheibrodos_pilgrimage, zin_treasury, chequers_ecumenical_altar_twisty,
          uniq_robin, uniq_terence, uniq_natasha

Skill      XL: |  1  2  3  4  5 |
---------------+----------------+-----
Ice Magic      | 4 5 |  5.9
Polearms       | 1 3 4 |  4.0
Dodging        | |  2.6
Stealth        | |  2.1
Spellcasting   | |  2.0
Conjurations   | |  0.7

Action                   |  1- 3 |  4- 6 || total
-------------------------+-------+-------++-------
Melee: Unarmed           |    17 |       ||    17
       Short sword       |    12 |       ||    12
       Trident           |    11 |   105 ||   116
 Fire: Hunting sling     |     2 |       ||     2
 Cast: Freeze            |    54 |    13 ||    67
       Ozocubu's Armour  |       |     4 ||     4
       Throw Frost       |       |     1 ||     1
  Use: Potion            |       |     4 ||     4
       Scroll            |       |     2 ||     2
 Stab: Sleeping          |     1 |       ||     1
  Eat: Chunk             |     3 |     4 ||     7
Armor: Robe              |    26 |     9 ||    35
       Animal skin       |       |    11 ||    11
Dodge: Dodged            |    78 |    76 ||   154

Table legend:
 A = Non-vault XP
 B = Vault XP
 C = Vault XP percentage of total XP
 D = Non-vault monster count
 E = Vault monster count
 F = Vault count percentage of total count
                 A         B        C        D         E       F
            +---------+---------+-------+---------+---------+-------
      Total |     178 |      89 |  33.3 |      41 |      19 |  31.7
            +---------+---------+-------+---------+---------+-------
        D:1 |      50 |       3 |   5.7 |      28 |       2 |   6.7
        D:2 |     128 |      86 |  40.2 |      13 |      17 |  56.7
            +---------+---------+-------+---------+---------+-------
